[Event "Late-Titled-Tuesday-Blitz-September-19-2023"]
[Site "Chess.com"]
[Date "2023.09.19"]
[Round "9"]
[White "AsaHoffmann"]
[Black "campochess"]
[Result "1-0"]
[WhiteElo "2390"]
[BlackElo "2196"]
[TimeControl "180+1"]
[EndTime "15:41:23 PDT"]
[Termination "AsaHoffmann won by resignation"]

1. d4 Nf6 2. Bg5 e6 3. Nd2 c5 4.
e3 cxd4 5. exd4 Nc6 6. c3 Be7 7. Bd3 d5 8. f4 h6 9. Bh4 Ng8 10. Bf2 Bd6 11. Qf3 Nge7 12. Ne2 f5 13. Bh4 O-O 14.
Qg3 Qe8 15. Nf3 Ng6 16. Ne5 Bxe5 17. fxe5 Nxh4 18. Qxh4 Qe7 19. Qg3 Bd7 20. h4 Kh8 21. Nf4 Be8 22. O-O-O Rc8 23. Kb1 a6 24. Qf3 b5 25. g4 fxg4 26. Qxg4 Bf7 27. Ng6+ Bxg6 28. Qxg6 Rf5 29. Bxf5 exf5 30. Rdf1 Rf8 31. Qxc6 1-0

[Event "Late-Titled-Tuesday-Blitz-September-19-2023"]
[Site "Chess.com"]
[Date "2023.09.19"]
[Round "9"]
[White "emeli_chess"]
[Black "GoltsevDmitry2000"]
[Result "1-0"]
[WhiteElo "2380"]
[BlackElo "2619"]
[TimeControl "180+1"]
[EndTime "15:41:33 PDT"]
[Termination "emeli_chess won by checkmate"]

1. d4 e6 2. c4 Nf6 3. Nc3 Bb4 4. Qc2 b6 5. e4 Bb7 6. e5 Ne4 7. Nf3 Nxc3 8. bxc3 Be7 9. Bd3 h6 10. Be4 Bxe4 11. Qxe4 d5 12. exd6 c6 13. dxe7 Qxe7 14. a4 O-O 15. Ba3 Qf6 16. Bxf8 Kxf8 17. O-O Qe7 18. a5 bxa5 19. Rxa5 a6 20. Rfa1 Qb7 21. Ne5 f6 22. Nd3 Nd7 23. Nc5 Nxc5 24. Rxc5 Rb8 25. Rxc6 f5 26. Qxe6 Re8 27. Qxf5+ Kg8 28. Re6 Rf8 29.
Qe4 Qb2 30. Rf1 a5 31. Re8 a4 32. Qe6+ Kh7 33. Rxf8 a3 34. Qf5+ g6 35. Qf7# 1-0

[Event "Late-Titled-Tuesday-Blitz-September-19-2023"]
[Site "Chess.com"]
[Date "2023.09.19"]
[Round "9"]
[White "GiorgianBarbosa"]
[Black "AlexandraBotez"]
[Result "1-0"]
[WhiteElo "2442"]
[BlackElo "2296"]
[TimeControl "180+1"]
[EndTime "15:41:35 PDT"]
[Termination "GiorgianBarbosa won by resignation"]

1. d4 d5 2. c4 e6 3. cxd5 exd5 4. Nc3 Nf6 5. Bf4 Bd6 6. e3 Bxf4 7. exf4 O-O 8. Bd3 Re8+ 9. Nge2 Ne4 10. O-O c6 11.
Ng3 f5 12. f3 Nxg3 13. hxg3 Qf6 14. Bc2 Be6 15. Qd2 Nd7 16. Kf2 b6 17. Rae1 Bf7 18.
Rh1 Rxe1 19. Qxe1 Re8 20. Qd2 Qd6 21. g4 Be6 22. gxf5 Bf7 23. g4 c5 24. g5 cxd4 25. Qxd4 Qc5 26. Qxc5 Nxc5 27. g6 hxg6 28. fxg6 Be6 29.
f5 d4 30. fxe6 dxc3 31. bxc3 Nxe6 32. Bb3 Kf8 33. Rh8+ Ke7 34. Rxe8+ Kxe8 35. Bxe6 1-0

[Event "Late-Titled-Tuesday-Blitz-September-19-2023"]
[Site "Chess.com"]
[Date "2023.09.19"]
[Round "9"]
[White "Parhamov"]
[Black "temus_galaktionov"]
[Result "1-0"]
[WhiteElo "3026"]
[BlackElo "2850"]
[TimeControl "180+1"]
[EndTime "15:41:36 PDT"]
[Termination "Parhamov won by resignation"]

1. h3 c6 2. c4 g6 3. d4 Bg7 4. e4 d6 5. Nc3 Nd7 6. Be3 e5 7. Nge2 Ngf6 8. g4 exd4 9. Nxd4 Qe7 10. Bg2 Nc5 11. Qc2 a5 12. Rd1 O-O 13. O-O Re8 14. Rfe1 h5 15. g5 Nfd7 16. f4 a4 17. Nde2 Qe6 18. b3 axb3 19. axb3 Ra3 20. Rb1 f5 21.
Nd4 Qf7 22. Rbd1 fxe4 23. Nxe4 Nxe4 24. Bxe4 Nf8 25. f5 gxf5 26. Nxf5 Bxf5 27. Bxf5 Rxe3 28.
Rxe3 Bd4 29. Rxd4 1-0

[Event "Late-Titled-Tuesday-Blitz-September-19-2023"]
[Site "Chess.com"]
[Date "2023.09.19"]
[Round "9"]
[White "farzadbfd"]
[Black "GadimbayliA"]
[Result "0-1"]
[WhiteElo "2695"]
[BlackElo "2835"]
[TimeControl "180+1"]
[EndTime "15:41:45 PDT"]
[Termination "GadimbayliA won by resignation"]

1. e4 e5 2. Nf3 d5 3. Nc3 Nf6 4. d4 dxe4 5. Nxe5 Bd6 6. Bc4 Bxe5 7. dxe5 Qxd1+ 8. Nxd1 Ng4 9. e6 Bxe6 10. Bxe6 fxe6 11. h3 Nf6 12. O-O Nc6 13. b3 O-O-O 14. Re1 h6 15. Bb2 e5 16. Ne3 Rd2 17. Bc3 Rd7 18. Nc4 Re8 19.
Rad1 Nd4 20. Nxe5 Ne2+ 21. Rxe2 Rxd1+ 22. Kh2 Nd5 23. Bb2 Rb1 24. c4 Nf4 25. Rc2 Rxb2 26.
Rxb2 Rxe5 27. Kg3 Nd3 28. Rd2 b6 0-1

[Event "Late-Titled-Tuesday-Blitz-September-19-2023"]
[Site "Chess.com"]
[Date "2023.09.19"]
[Round "9"]
[White "CuteSheepCloud"]
[Black "nitpicker"]
[Result "0-1"]
[WhiteElo "2604"]
[BlackElo "2223"]
[TimeControl "180+1"]
[EndTime "15:41:50 PDT"]
[Termination "nitpicker won by checkmate"]

1. e4 c5 2. Nc3 Nc6 3. Bb5 Nd4 4.
Nf3 g6 5. O-O a6 6. Be2 Bg7 7.
Nxd4 cxd4 8. Nd5 e6 9. Nf4 Ne7 10. Re1 d5 11. exd5 Nxd5 12. Nxd5 Qxd5 13. Bf3 Qd6 14. d3 O-O 15. h3 Rb8 16. Bg5 h6 17. Bh4 b5 18. Qe2 e5 19. Bg3 Re8 20. a3 Bb7 21. Bxb7 Rxb7 22. f4 Rbe7 23. fxe5 Bxe5 24. Bxe5 Rxe5 25. Qf2 Re3 26. Rf1 R8e7 27. Rae1 Qe5 28. Rc1 Re2 29. Qf3 Qe3+ 30. Kh2 Qxf3 31. Rxf3 Rd2 32.
Rcf1 Ree2 33. Kg3 Rxg2+ 34. Kf4 Rde2 35. h4 h5 36. c3 Rg4# 0-1

[Event "Late-Titled-Tuesday-Blitz-September-19-2023"]
[Site "Chess.com"]
[Date "2023.09.19"]
[Round "9"]
[White "egnfanclub"]
[Black "TEREZANA"]
[Result "1-0"]
[WhiteElo "2381"]
[BlackElo "2473"]
[TimeControl "180+1"]
[EndTime "15:41:51 PDT"]
[Termination "egnfanclub won by resignation"]

1. e4 c6 2. d4 d5 3. exd5 cxd5 4. c4 Nf6 5. Nc3 Nc6 6. Nf3 Be6 7. c5 g6 8. Bb5 Bg7 9. Ne5 Bd7 10. O-O O-O 11. Nxd7 Qxd7 12. Re1 e6 13. Bf4 Nh5 14. Bd6 Rfe8 15.
a3 Rad8 16. Bxc6 Qxc6 17. b4 Rxd6 18. cxd6 Qxc3 19. d7 Rd8 20. Rc1 Qxd4 21. Rc8 Qf6 22. Qc2 Bf8 23. Rxd8 Qxd8 24. Qc8 Be7 25. Rc1 Kf8 26.
Qxb7 Ng7 27. Rc8 Nf5 28. Qc7 1-0

[Event "Late-Titled-Tuesday-Blitz-September-19-2023"]
[Site "Chess.com"]
[Date "2023.09.19"]
[Round "9"]
[White "expii"]
[Black "canary2016"]
[Result "0-1"]
[WhiteElo "2253"]
[BlackElo "2155"]
[TimeControl "180+1"]
[EndTime "15:41:59 PDT"]
[Termination "canary2016 won by resignation"]

1. e4 c5 2. Nf3 d6 3. d4 cxd4 4. Nxd4 Nf6 5. Nc3 Nc6 6. g3 e6 7.
Bg2 Be7 8. O-O O-O 9. h3 Bd7 10. Be3 Rc8 11. f4 Na5 12. Nde2 Nc4 13. Bc1 Qb6+ 14.
Qd4 Qa6 15. b3 d5 16. Kh2 Bc5 17. Qd3 Nb6 18. Qxa6 bxa6 19. exd5 Nbxd5 20. Nxd5 Nxd5 21. Bxd5 exd5 22. Bb2 Bb5 23. Rfe1 Bf2 24. Rf1 Bxe2 25. Rxf2 Rxc2 26. Ba3 Rfc8 27. Re1 Bd3 28. Rxc2 Bxc2 29. Bc5 Be4 30. Bxa7 Rc2+ 31. Kg1 Rxa2 32. Rc1 h6 0-1

[Event "Late-Titled-Tuesday-Blitz-September-19-2023"]
[Site "Chess.com"]
[Date "2023.09.19"]
[Round "9"]
[White "valemava"]
[Black "PawnEatingZombie"]
[Result "1-0"]
[WhiteElo "2287"]
[BlackElo "2191"]
[TimeControl "180+1"]
[EndTime "15:42:18 PDT"]
[Termination "valemava won by resignation"]

1. e4 Nf6 2. e5 Nd5 3. Qf3 e6 4. Bc4 Nb6 5. Bb3 Be7 6. Qg3 O-O 7. d4 Kh8 8. Nf3 d6 9. Nc3 Nc6 10. Be3 Na5 11. h4 Nxb3 12. axb3 dxe5 13. dxe5 Bd7 14.
Rd1 Qe8 15. h5 Bc6 16. h6 g6 17. Bg5 Rd8 18. O-O Nc8 19. Qf4 Bxf3 20. Bf6+ Kg8 21. Qxf3 c6 22. Ne4 Nb6 23. c4 Nd7 24. Bg7 f5 25. exf6 1-0

[Event "Late-Titled-Tuesday-Blitz-September-19-2023"]
[Site "Chess.com"]
[Date "2023.09.19"]
[Round "9"]
[White "TatjanaVasilevich"]
[Black "stasOR4ik"]
[Result "1-0"]
[WhiteElo "2560"]
[BlackElo "2435"]
[TimeControl "180+1"]
[EndTime "15:42:24 PDT"]
[Termination "TatjanaVasilevich won by resignation"]

1. Nf3 d5 2. g3 Nf6 3. Bg2 c5 4. b3 Nc6 5. Bb2 g6 6. d4 cxd4 7. Nxd4 Bg7 8. c4 e5 9. Nxc6 bxc6 10. cxd5 Nxd5 11. O-O O-O 12. Nc3 Nxc3 13. Bxc3 Qb6 14.
Qc2 Bf5 15. e4 Bg4 16. h3 Be6 17. Kh2 c5 18. f4 exf4 19. gxf4 Bxc3 20. Qxc3 Rad8 21.
f5 Bc8 22. f6 Rfe8 23. Rad1 Rd4 24. Rxd4 cxd4 25. Qd2 Bb7 26. Kh1 Re6 27. Qf4 d3 28. Qb8+ 1-0

[Event "Late-Titled-Tuesday-Blitz-September-19-2023"]
[Site "Chess.com"]
[Date "2023.09.19"]
[Round "9"]
[White "CFalcons8"]
[Black "Mimsychess"]
[Result "0-1"]
[WhiteElo "2259"]
[BlackElo "2359"]
[TimeControl "180+1"]
[EndTime "15:42:25 PDT"]
[Termination "Mimsychess won by resignation"]

1. e4 c5 2. Nf3 e6 3. d4 cxd4 4. Nxd4 Nf6 5. Nc3 Nc6 6. Nxc6 bxc6 7. e5 Nd5 8. Ne4 Qc7 9. f4 Qb6 10. c4 Bb4+ 11. Ke2 f5 12. exf6 Nxf6 13. Be3 Qd8 14.
Nd6+ Bxd6 15. Qxd6 Rf8 16. Rg1 c5 17. g4 Ne4 18.
Qe5 Bb7 19. Bg2 Qb8 20. Qxg7 Qc7 21. Qxh7 O-O-O 22. Bxe4 Rh8 23. Bxb7+ Qxb7 24. Qd3 Rxh2+ 25. Bf2 Qxb2+ 26. Kd1 Qxa1+ 0-1

[Event "Late-Titled-Tuesday-Blitz-September-19-2023"]
[Site "Chess.com"]
[Date "2023.09.19"]
[Round "9"]
[White "Qvalda"]
[Black "Rital44"]
[Result "0-1"]
[WhiteElo "2363"]
[BlackElo "2569"]
[TimeControl "180+1"]
[EndTime "15:42:27 PDT"]
[Termination "Rital44 won by resignation"]

1. d4 Nf6 2. c4 g6 3. Nc3 Bg7 4.
Nf3 O-O 5. Bf4 d5 6. cxd5 Nxd5 7. Bg3 c5 8. e4 Nxc3 9. bxc3 Qa5 10. Qd2 Nc6 11.
d5 Bxc3 12. dxc6 Rd8 13. Rd1 bxc6 14. Bc4 Bg4 15. Bf4 Bxf3 16. gxf3 Bxd2+ 17. Bxd2 Rxd2 18. Rxd2 Rd8 0-1

[Event "Late-Titled-Tuesday-Blitz-September-19-2023"]
[Site "Chess.com"]
[Date "2023.09.19"]
[Round "9"]
[White "rdarruda"]
[Black "aNaartjieZA"]
[Result "0-1"]
[WhiteElo "2497"]
[BlackElo "2599"]
[TimeControl "180+1"]
[EndTime "15:42:31 PDT"]
[Termination "aNaartjieZA won by resignation"]

1. d4 Nf6 2. Nf3 c5 3. d5 d6 4.
Nc3 e5 5. dxe6 Bxe6 6. e4 Nc6 7.
Bb5 Be7 8. O-O O-O 9. Bxc6 bxc6 10. e5 Nd5 11. Ne4 dxe5 12. Nxe5 Qc7 13. Nc4 Rad8 14.
Qe2 Rfe8 15. Bd2 Nf4 16. Bxf4 Qxf4 17. Rfe1 Rd4 18. Ncd2 f5 19. Nc3 Bd6 20. Nf3 Rb4 21. Qd2 Qxd2 22. Nxd2 Rxb2 23. Rac1 Bf4 24. Na4 Rxa2 0-1

[Event "Late-Titled-Tuesday-Blitz-September-19-2023"]
[Site "Chess.com"]
[Date "2023.09.19"]
[Round "9"]
[White "Road2GM3000"]
[Black "szefru"]
[Result "1-0"]
[WhiteElo "2495"]
[BlackElo "2322"]
[TimeControl "180+1"]
[EndTime "15:42:35 PDT"]
[Termination "Road2GM3000 won by resignation"]

1. d4 Nf6 2. c4 g6 3. Nc3 Bg7 4. e4 d6 5. f4 O-O 6. Nf3 c5 7. d5 e6 8. Be2 exd5 9. exd5 Re8 10. O-O Bf5 11. Bd3 Ne4 12. Nxe4 Bxe4 13. Bxe4 Rxe4 14.
Qd3 Qe7 15. f5 Bd4+ 16. Nxd4 Rxd4 17. Qg3 Nd7 18. Bg5 Qf8 19. Rae1 Re8 20. Rxe8 Qxe8 21. Re1 Ne5 22. b3 Rg4 23. Qxg4 Nf3+ 24. Qxf3 Qxe1+ 25. Qf1 Qe5 26. h4 h6 27. Bxh6 Qd4+ 28. Qf2 Qa1+ 29. Kh2 Qe5+ 30. Qf4 Qb2 31. fxg6 fxg6 32. Qf8+ Kh7 33.
Qg7+ Qxg7 34. Bxg7 Kxg7 35. Kg3 Kf6 36. Kf4 a6 37. g4 b5 38. h5 gxh5 39. gxh5 b4 40.
h6 Kg6 41. h7 Kxh7 42. Kf5 Kg7 43. Ke6 1-0

[Event "Late-Titled-Tuesday-Blitz-September-19-2023"]
[Site "Chess.com"]
[Date "2023.09.19"]
[Round "9"]
[White "GMJustin"]
[Black "TC2304"]
[Result "0-1"]
[WhiteElo "2237"]
[BlackElo "2371"]
[TimeControl "180+1"]
[EndTime "15:42:40 PDT"]
[Termination "TC2304 won on time"]

1. e4 Nc6 2. Nf3 d6 3. d4 Nf6 4. Nc3 g6 5. Be2 Bg7 6. O-O O-O 7. Re1 e5 8. d5 Ne7 9. Bc4 a6 10. a4 Bg4 11. h3 Bxf3 12. Qxf3 Nd7 13. g4 a5 14. Nd1 Nc5 15. Ne3 c6 16. Rd1 cxd5 17. Nxd5 Nxd5 18. Bxd5 Qe7 19. c3 Rac8 20. Qg2 Kh8 21. Be3 b6 22. Kh1 Rc7 23. b4 Nd7 24.
Rd3 Rb8 25. b5 Bf8 26. Bc6 Nc5 27. Bxc5 dxc5 28. Rad1 Rcc8 29. Rd7 Qf6 30. f3 Rd8 31. Rxd8 Rxd8 32. Rd5 Be7 33. c4 Qf4 0-1

[Event "Late-Titled-Tuesday-Blitz-September-19-2023"]
[Site "Chess.com"]
[Date "2023.09.19"]
[Round "9"]
[White "wild3000"]
[Black "laskakid"]
[Result "1-0"]
[WhiteElo "2473"]
[BlackElo "2302"]
[TimeControl "180+1"]
[EndTime "15:42:44 PDT"]
[Termination "wild3000 won by resignation"]

1. e4 e5 2. Nf3 Nc6 3. Bb5 a6 4. Ba4 Nf6 5. d3 d6 6. h3 g6 7. O-O Bg7 8. c3 O-O 9. Bg5 h6 10. Be3 Bd7 11. Nbd2 Nh7 12. d4 f5 13. exf5 gxf5 14. dxe5 dxe5 15. Bc5 Ne7 16. Qb3+ Kh8 17.
Bxd7 Qxd7 18. Rad1 Rfb8 19. Nh4 Bf6 20. Bxe7 Bxe7 21.
Ng6+ Kg7 22. Nxe5 Qe8 23. Ndf3 Ng5 24. Rfe1 Ne4 25. Qe6 Nd6 26. Nd7 Rd8 27. Qxe7+ Qxe7 28. Rxe7+ Kg6 29. Nfe5+ Kg5 30. Rg7+ Kh5 31. Nf6+ 1-0

[Event "Late-Titled-Tuesday-Blitz-September-19-2023"]
[Site "Chess.com"]
[Date "2023.09.19"]
[Round "9"]
[White "Firouzja2003"]
[Black "Angry_Twin"]
[Result "1-0"]
[WhiteElo "3075"]
[BlackElo "2948"]
[TimeControl "180+1"]
[EndTime "15:42:52 PDT"]
[Termination "Firouzja2003 won by resignation"]

1. d4 Nf6 2. c4 e6 3. Nf3 d5 4. g3 Bb4+ 5. Bd2 Be7 6. Bg2 O-O 7.
Qc2 Nbd7 8. Bf4 c6 9. h4 h6 10. Nc3 b6 11. e4 dxc4 12. O-O-O b5 13. d5 cxd5 14. exd5 exd5 15. Ng5 Bb7 16. Nxd5 Bxd5 17. Bxd5 hxg5 18. hxg5 Qb6 19. Rh2 Rfd8 20. Rdh1 Kf8 21. Rh8+ 1-0

[Event "Late-Titled-Tuesday-Blitz-September-19-2023"]
[Site "Chess.com"]
[Date "2023.09.19"]
[Round "9"]
[White "oskariot"]
[Black "Hrant_ChessMood"]
[Result "0-1"]
[WhiteElo "2732"]
[BlackElo "2912"]
[TimeControl "180+1"]
[EndTime "15:43:02 PDT"]
[Termination "Hrant_ChessMood won on time"]

1. e4 c5 2. Nf3 Nc6 3. b4 cxb4 4. d4 d5 5. exd5 Qxd5 6. c4 Qd8 7. d5 Nb8 8. c5 e6 9. d6 Nf6 10. Ne5 Nfd7 11. Bb5 a6 12. Ba4 b5 13. cxb6 Bb7 14.
Be3 g6 15. Qd4 f6 16. Nxd7 Nxd7 17. Qc4 Kf7 18. Qc7 Qxc7 19. dxc7 Nc5 20. Bxc5 Bxc5 0-1

[Event "Late-Titled-Tuesday-Blitz-September-19-2023"]
[Site "Chess.com"]
[Date "2023.09.19"]
[Round "9"]
[White "Defenstrator"]
[Black "TheMagician"]
[Result "1-0"]
[WhiteElo "2344"]
[BlackElo "2241"]
[TimeControl "180+1"]
[EndTime "15:43:08 PDT"]
[Termination "Defenstrator won on time"]

1. g4 d5 2. f3 e5 3. h4 Be7 4.
g5 h6 5. d4 hxg5 6. dxe5 Nc6 7. Nc3 d4 8. Ne4 gxh4 9. f4 f6 10.
Nf3 fxe5 11. fxe5 Bf5 12. Neg5 Qd5 13. e4 Bxe4 14. Bg2 Bxg5 15. Bxg5 Nxe5 16. Qe2 Nf6 17. Nxe5 1-0

[Event "Late-Titled-Tuesday-Blitz-September-19-2023"]
[Site "Chess.com"]
[Date "2023.09.19"]
[Round "9"]
[White "Joshukid"]
[Black "PapaieDudu"]
[Result "0-1"]
[WhiteElo "2557"]
[BlackElo "2415"]
[TimeControl "180+1"]
[EndTime "15:43:11 PDT"]
[Termination "PapaieDudu won by resignation"]

1. Nf3 d5 2. c4 dxc4 3. e3 Nf6 4. Bxc4 a6 5. a4 c5 6. O-O Nbd7 7. a5 e6 8. Nc3 Bd6 9. d4 O-O 10. e4 cxd4 11.
Qxd4 Qc7 12. Bg5 Bc5 13. Qd2 h6 14. Bf4 e5 15. Bg3 Bxf2+ 16. Rxf2 Qxc4 17. Nxe5 Nxe5 18. Bxe5 Nxe4 19. Qf4 f5 20. Ra4 Qf7 21. Nxe4 fxe4 22. Qxf7+ Rxf7 23. Rxe4 Bd7 24. Rxf7 Kxf7 25. Rf4+ Kg6 26.
Rd4 Bc6 27. Rg4+ Kf5 28. Rxg7 Kxe5 29. h4 Kf6 30. Rg3 Rd8 31. h5 Be4 32. Re3 Kf5 33. Rb3 Rd2 34. g3 Rd5 0-1

[Event "Late-Titled-Tuesday-Blitz-September-19-2023"]
[Site "Chess.com"]
[Date "2023.09.19"]
[Round "9"]
[White "BeanScreen"]
[Black "andrzej"]
[Result "1-0"]
[WhiteElo "2694"]
[BlackElo "2472"]
[TimeControl "180+1"]
[EndTime "15:43:12 PDT"]
[Termination "BeanScreen won by checkmate"]

1. e4 e5 2. Nf3 Nf6 3. Nxe5 d6 4. Nf3 Nxe4 5. Nc3 Nxc3 6. dxc3 Be7 7. Be3 Nd7 8. Qd2 Ne5 9. Be2 O-O 10. O-O-O Ng4 11. h4 Re8 12. Bd3 Nxe3 13. Qxe3 Bf6 14. Qf4 Qd7 15.
Ng5 h6 16. Rde1 Rxe1+ 17. Rxe1 hxg5 18. hxg5 Be5 19. Qh4 g6 20. f4 Bg7 21. g4 Kf8 22. f5 Qa4 23. f6 Qxg4 24. fxg7+ Kxg7 25. Qh6+ Kg8 26. Re8# 1-0

[Event "Late-Titled-Tuesday-Blitz-September-19-2023"]
[Site "Chess.com"]
[Date "2023.09.19"]
[Round "9"]
[White "KorolDimitriy75"]
[Black "OYAcosta"]
[Result "1-0"]
[WhiteElo "2365"]
[BlackElo "2176"]
[TimeControl "180+1"]
[EndTime "15:43:13 PDT"]
[Termination "KorolDimitriy75 won by checkmate"]

1. d4 d5 2. c4 c6 3. Nc3 Nf6 4. e3 a6 5. Nf3 Bf5 6. Bd3 Bg6 7.
O-O e6 8. Qe2 Ne4 9. Ne5 f5 10.
f3 Nxc3 11. bxc3 Bd6 12. f4 Nd7 13. c5 Bc7 14. Rb1 Rb8 15. c4 O-O 16. Bd2 Be8 17. cxd5 cxd5 18. g4 Nxe5 19. fxe5 Bd7 20. gxf5 exf5 21.
Kh1 Be6 22. Rg1 Qh4 23. Rbf1 Kh8 24. Rf4 Qh3 25. Rf3 Qh5 26. Qg2 Rf7 27. Rh3 Qg4 28. Qf1 f4 29. Rxh7+ Kg8 30. Rxg4 Bxg4 31. exf4 b6 32.
Qg2 Be6 33. f5 Bc8 34. f6 bxc5 35. Rxg7+ Kf8 36. Rg8# 1-0

[Event "Late-Titled-Tuesday-Blitz-September-19-2023"]
[Site "Chess.com"]
[Date "2023.09.19"]
[Round "9"]
[White "Pingah9"]
[Black "Alexei_Gubajdullin"]
[Result "1-0"]
[WhiteElo "2571"]
[BlackElo "2638"]
[TimeControl "180+1"]
[EndTime "15:43:26 PDT"]
[Termination "Pingah9 won by resignation"]

1. e4 g6 2. h4 h6 3. h5 g5 4. d4 d6 5. f4 gxf4 6. Bxf4 Nf6 7. Nc3 Nc6 8. Nf3 Bg4 9. d5 Ne5 10. Bxe5 dxe5 11. Bb5+ Bd7 12. Bxd7+ Nxd7 13. Qe2 c6 14. dxc6 bxc6 15. O-O-O Qc7 16. Qc4 Nb6 17. Qc5 e6 18.
Nb5 Bxc5 19. Nxc7+ Ke7 20. Nxa8 Rxa8 21. Nxe5 Rc8 22.
Rhf1 f6 23. Ng6+ Kf7 24. e5 f5 25. g4 Nd5 26. gxf5 exf5 27. Rxf5+ Ke6 28. Rf3 Be3+ 29. Kb1 Rb8 30. Rxd5 cxd5 31. Rxe3 Rb4 32. b3 Rg4 33. Rf3 d4 34. Rf6+ Kd5 35. e6 d3 36. cxd3 Kd4 37.
Kb2 Rg2+ 38. Ka3 Kc3 39. e7 Rg5 40. Rc6+ 1-0

[Event "Late-Titled-Tuesday-Blitz-September-19-2023"]
[Site "Chess.com"]
[Date "2023.09.19"]
[Round "9"]
[White "Journey_to_GrandMaster_YT"]
[Black "Cambek64"]
[Result "1-0"]
[WhiteElo "2650"]
[BlackElo "2468"]
[TimeControl "180+1"]
[EndTime "15:43:27 PDT"]
[Termination "Journey_to_GrandMaster_YT won by resignation"]

1. d4 c5 2. d5 e5 3. e4 d6 4. Nc3 Nf6 5. Nf3 Be7 6. Bd3 O-O 7. O-O Na6 8. Nd2 Nc7 9. a4 Rb8 10.
Nc4 a6 11. f4 exf4 12. Bxf4 b5 13. axb5 axb5 14. Na5 Bd7 15. e5 dxe5 16. Bxe5 Rb6 17.
d6 Bxd6 18. Bxd6 Bg4 19. Bxc7 Qxc7 20. Qe1 c4 21. Be2 Re8 22. Qf2 Bxe2 23. Nxe2 Ng4 24. Qf4 Qc5+ 25. Kh1 Nf6 26. Qd4 Qc7 27. Nc3 Re4 28.
Nxe4 Ng4 29. Ng3 Rh6 30. Qxg4 1-0

[Event "Late-Titled-Tuesday-Blitz-September-19-2023"]
[Site "Chess.com"]
[Date "2023.09.19"]
[Round "9"]
[White "davigator"]
[Black "talaicito"]
[Result "0-1"]
[WhiteElo "2319"]
[BlackElo "2192"]
[TimeControl "180+1"]
[EndTime "15:43:28 PDT"]
[Termination "talaicito won by checkmate"]

1. e4 c5 2. Nf3 d6 3. d4 cxd4 4. Nxd4 Nf6 5. Nc3 g6 6. Be3 Bg7 7. f3 O-O 8. Qd2 Nc6 9. O-O-O d5 10. Qe1 e5 11. Nb3 d4 12. Bg5 h6 13. Bh4 g5 14. Bf2 Be6 15. Kb1 Qc8 16. Na4 b6 17. c3 Nd7 18. cxd4 Bxb3 19. axb3 Nxd4 20. Bc4 b5 21. Bxd4 bxc4 22. Be3 cxb3 23. Qc3 Qb7 24.
Nc5 Nxc5 25. Qxc5 Rfc8 26. Qa5 Rc2 27. Rc1 Rac8 28. Rxc2 bxc2+ 29. Kc1 Qb3 30. Qa3 Qc4 31. Re1 Bf8 32. Qc3 Qa6 33. Qxe5 Qa1+ 34. Kd2 c1=Q+ 35. Rxc1 Qxc1+ 36. Ke2 Rc2+ 37. Kd3 Qd1+ 38. Bd2 Qxd2# 0-1

[Event "Late-Titled-Tuesday-Blitz-September-19-2023"]
[Site "Chess.com"]
[Date "2023.09.19"]
[Round "9"]
[White "djano"]
[Black "DvaHrasta"]
[Result "1-0"]
[WhiteElo "2631"]
[BlackElo "2512"]
[TimeControl "180+1"]
[EndTime "15:43:32 PDT"]
[Termination "djano won on time"]

1. d4 Nf6 2. Bf4 d5 3. Nf3 e6 4. e3 Bd6 5. Bg3 O-O 6. Nbd2 b6 7.
Ne5 c5 8. c3 a5 9. h4 a4 10. h5 h6 11. Bh4 Be7 12. Bd3 Ba6 13. Bc2 Bb5 14. a3 Nc6 15. f4 Nxe5 16. fxe5 Nd7 17.
Qg4 Bxh4+ 18. Rxh4 f5 19. exf6 Qxf6 20. O-O-O e5 21.
Rh3 e4 22. c4 cxd4 23. exd4 dxc4 24. Qxe4 Bc6 25. d5 Nc5 26. Qh7+ Kf7 27. dxc6 Nd3+ 28.
Bxd3 cxd3 29. Rf3 1-0

[Event "Late-Titled-Tuesday-Blitz-September-19-2023"]
[Site "Chess.com"]
[Date "2023.09.19"]
[Round "9"]
[White "leoduarte"]
[Black "Eloist"]
[Result "1/2-1/2"]
[WhiteElo "2498"]
[BlackElo "2490"]
[TimeControl "180+1"]
[EndTime "15:43:32 PDT"]
[Termination "Game drawn by repetition"]

1. d4 e6 2. c4 Nf6 3. Nf3 b6 4. g3 Bb7 5. Bg2 Be7 6. O-O O-O 7. Nc3 Ne4 8. Qc2 Nxc3 9. Qxc3 f5 10. Rd1 Bf6 11.
Ne5 Bxg2 12. Kxg2 a5 13. h4 d6 14. Qf3 Ra7 15. Nc6 Nxc6 16. Qxc6 Qa8 17. Qxa8 Raxa8 18. Bg5 Rae8 19. Rd2 e5 20. dxe5 Bxe5 21. Rad1 f4 22. e3 fxg3 23. fxg3 h6 24. Bf4 Bxf4 25. exf4 Re4 26.
Rc2 Rfe8 27. Rdd2 h5 28. Kf2 Kf7 29. Re2 Kf6 30. Red2 a4 31. Rd5 g6 32. Rd3 Kf5 33. Rd5+ Kf6 34. Rd3 Kf5 35. Rd5+ Kf6 1/2-1/2

[Event "Late-Titled-Tuesday-Blitz-September-19-2023"]
[Site "Chess.com"]
[Date "2023.09.19"]
[Round "9"]
[White "whiteglovethief"]
[Black "UK_23"]
[Result "1-0"]
[WhiteElo "2522"]
[BlackElo "2386"]
[TimeControl "180+1"]
[EndTime "15:43:34 PDT"]
[Termination "whiteglovethief won by checkmate"]

1. d4 d5 2. c4 e6 3. Nf3 Nf6 4. g3 dxc4 5. Bg2 c5 6. O-O Nc6 7.
Na3 cxd4 8. Nxc4 Be7 9. b3 O-O 10. Bb2 Nd5 11. Nxd4 Nxd4 12. Bxd4 Bd7 13. Ne5 Bb5 14.
a4 Be8 15. Rc1 f6 16. Nd3 Bc6 17. Bc5 e5 18. b4 Bxc5 19. Nxc5 Ne7 20. Nxb7 Bxb7 21.
Bxb7 Rb8 22. Qb3+ Kh8 23. Bg2 Qb6 24. b5 a6 25. Qa3 Nf5 26. bxa6 Qxa6 27. e3 Rfd8 28. Rc6 Qa5 29. Rfc1 Qd2 30. Be4 Nh6 31. Qe7 Ng4 32. R1c2 Rb1+ 33. Kg2 Qe1 34. Qxd8# 1-0

[Event "Late-Titled-Tuesday-Blitz-September-19-2023"]
[Site "Chess.com"]
[Date "2023.09.19"]
[Round "9"]
[White "Garmendiarov"]
[Black "martinez_95"]
[Result "0-1"]
[WhiteElo "2323"]
[BlackElo "2219"]
[TimeControl "180+1"]
[EndTime "15:43:34 PDT"]
[Termination "martinez_95 won on time"]

1. e4 e6 2. d4 d5 3. Nc3 Nf6 4. e5 Nfd7 5. f4 c5 6. Nf3 Nc6 7. Be3 Be7 8. Bd3 b5 9. Nxb5 c4 10. Be2 Rb8 11. Nc3 Rxb2 12. O-O Qa5 13. Bd2 Bb4 14. Nb1 Bxd2 15. Nbxd2 Qc3 16. Rc1 Nxd4 17. Nxd4 Qxd4+ 18. Kh1 O-O 19. Nf3 Qxf4 20. Qe1 Nxe5 21. g3 Qe4 22. Qc3 Qxe2 23. Nxe5 d4 24. Qxb2 Qxe5 0-1

[Event "Late-Titled-Tuesday-Blitz-September-19-2023"]
[Site "Chess.com"]
[Date "2023.09.19"]
[Round "9"]
[White "JoakimVonAnd"]
[Black "simplerXiao"]
[Result "0-1"]
[WhiteElo "2713"]
[BlackElo "2601"]
[TimeControl "180+1"]
[EndTime "15:43:38 PDT"]
[Termination "simplerXiao won by checkmate"]

1. c4 Nf6 2. Nf3 g6 3. d4 Bg7 4.
g3 O-O 5. Bg2 c5 6. O-O cxd4 7.
Nxd4 Nc6 8. Nc3 d6 9. e3 Bd7 10. b3 Rc8 11. Bb2 a6 12. Rc1 Qa5 13. a3 Nxd4 14.
exd4 b5 15. b4 Qd8 16. c5 d5 17. Nxd5 Nxd5 18. Bxd5 h5 19. Bg2 h4 20. Bc3 e6 21.
d5 exd5 22. Qxd5 Bc6 23. Qxd8 Rfxd8 24. Bxg7 Kxg7 25. Bxc6 Rxc6 26. Rfd1 Rdc8 27. Rd7 a5 28.
Re1 axb4 29. axb4 R6c7 30. Rxc7 Rxc7 31. Ra1 h3 32. Ra5 Rd7 33. Kf1 Rd1+ 34. Ke2 Rh1 35.
Rxb5 Rxh2 36. Kf3 Rh1 37. Rb6 Rc1 38. g4 h2 39. g5 h1=Q+ 40. Kf4 Qh4+ 41. Ke5 Qxg5+ 42.
Kd6 Qf4+ 43. Kc6 Qxf2 44. Kb7 Rxc5 45. bxc5 Qxc5 46. Rc6 Qxc6+ 47. Kxc6 g5 48. Kd5 Kg6 49. Ke4 f5+ 50. Kf3 g4+ 51. Kg2 Kg5 52. Kf2 Kf4 53. Kg2 g3 54. Kf1 Kf3 55. Kg1 g2 56. Kh2 Kf2 57. Kh3 g1=Q 58. Kh4 Qg4# 0-1